 Dungeon Crawl Stone Soup version 0.26.1-2-gb8aa6d0cf2 (webtiles) character file.

Game seed: 3600437644068138247

594 Gadfly the Cutter (level 7, -5/46 HPs)
             Began as a Halfling Fighter on Feb 14, 2021.
             Slain by an ogre
             ... wielding a +0 giant club
              (21 damage)
             ... on level 5 of the Dungeon.
             The game lasted 00:05:22 (5069 turns).

Gadfly the Cutter (Halfling Fighter)                Turns: 5069, Time: 00:05:22

Health: -5/46      AC: 14    Str: 19    XL:     7   Next: 67%
Magic:  9/9        EV:  9    Int:  6    God:
Gold:   318        SH:  6    Dex: 14    Spells: 6/6 levels left

rFire    . . .     SeeInvis .   a - +0 rapier
rCold    . . .     Faith    .   j - +0 buckler
rNeg     . . .     Spirit   .   k - +0 chain mail
rPois    .         Reflect  .   h - +0 helmet
rElec    .         Harm     .   (no cloak)
rCorr    .         Rampage  .   g - +1 pair of gloves
Will     .....                  n - +0 pair of boots
Stlth    ..........             (no amulet)
HPRegen  0.15/turn              (no ring)
MPRegen  0.11/turn              (no ring)

@: mighty
A: small, mutation resistance 1
a: no special abilities


You were on level 5 of the Dungeon.
You visited 1 branch of the dungeon, and saw 5 of its levels.

You collected 318 gold pieces.

Inventory:

Hand Weapons
 a - a +0 rapier (weapon)
Missiles
 b - 25 sling bullets
 f - 103 stones (quivered)
Armour
 c - a +0 kite shield
 g - a +1 pair of gloves (worn)
 h - a +0 helmet (worn)
 j - a +0 buckler (worn)
 k - a +0 chain mail (worn)
 n - a +0 pair of boots (worn)
Wands
 t - a wand of iceblast (7)
Scrolls
 m - a scroll of teleportation
 p - 2 scrolls of remove curse
Potions
 d - a potion of might
 e - 4 potions of curing
 i - a potion of lignification {unknown}
 l - a potion of brilliance {unknown}
 o - a potion of attraction
 q - a potion of haste {unknown}
 u - a potion of berserk rage {unknown}


   Skills:
 + Level 3.4 Fighting
 * Level 4.6 Short Blades
 + Level 3.1 Slings
 + Level 4.1 Armour
 + Level 4.2 Shields
 * Level 3.4 Invocations
 * Level 3.3 Evocations


You had 6 spell levels left.
You didn't know any spells.
Your spell library was empty.

Dungeon Overview and Level Annotations

Branches:
Dungeon (5/15)
 Temple: D:4-7

Altars:
Cheibriados
Dithmenos
Ru
Yredelemnul


Innate Abilities, Weirdness & Mutations

You are small and have problems with some larger weapons.
You are somewhat resistant to further mutation.


Message History

You are too injured to fight recklessly!
You are too injured to fight recklessly!
You are too injured to fight recklessly!
You are too injured to fight recklessly!
You are too injured to fight recklessly!
You are too injured to fight recklessly!
You are too injured to fight recklessly!
You are too injured to fight recklessly!
You are too injured to fight recklessly!
You are too injured to fight recklessly!
You are too injured to fight recklessly!
You are too injured to fight recklessly!
You are too injured to fight recklessly!
You are too injured to fight recklessly!
You barely miss the ogre.
The ogre is moderately wounded.
Okay, then.
You feel very mighty all of a sudden.
The ogre hits you with a +0 giant club!!
You die...

# #### ##
#. ... ..
#.##.##.#
#.......#
#.<.#
#@#.#
#..O#.#
#.#.#.#
....##.#
... . .#
.......
.. ....
.. ..
##.....


You could see an ogre.

Vanquished Creatures
  2 phantoms (D:4)
  An ogre (D:4)
  A hound (D:4)
  2 orc wizards (D:4)
  A gnoll shaman (D:2)
  A worker ant (D:4)
  4 gnolls (D:2)
  6 adders
  An adder skeleton (D:4)
  A dart slug (D:2)
  5 leopard geckos
  3 orcs
  11 bats
  5 giant cockroaches
  6 goblins
  2 hobgoblins
  22 jackals
  12 kobolds
  A quokka (D:4)
  A ball python skeleton (D:4)
  14 rats
102 creatures vanquished.

Notes
Turn   | Place    | Note
-------+----------+-------------------------------------------
     0 | D:1      | Gadfly the Halfling Fighter began the quest for the Orb.
     0 | D:1      | Reached XP level 1. HP: 15/15 MP: 1/1
    89 | D:1      | Reached XP level 2. HP: 10/20 MP: 2/2
   611 | D:1      | Reached skill level 1 in Invocations
   683 | D:1      | Reached XP level 3. HP: 23/25 MP: 3/3
   700 | D:1      | Reached skill level 1 in Evocations
   763 | D:1      | Reached skill level 1 in Slings
  1610 | D:2      | Reached XP level 4. HP: 30/30 MP: 4/4
  1787 | D:2      | Reached XP level 5. HP: 26/36 MP: 4/6
  1987 | D:2      | Found a snail-covered altar of Cheibriados.
  3052 | D:3      | Reached XP level 6. HP: 32/42 MP: 7/7
  3467 | D:3      | Found a basalt altar of Yredelemnul.
  3707 | D:4      | Noticed a phantom
  3720 | D:4      | Noticed an ogre
  3741 | D:4      | Killed an ogre
  3773 | D:4      | Killed a phantom
  3774 | D:4      | Reached XP level 7. HP: 20/46 MP: 7/9
  4680 | D:4      | Found a sacrificial altar of Ru.
  5002 | D:4      | Found a shadowy altar of Dithmenos.
  5054 | D:5      | Entered Level 5 of the Dungeon
  5069 | D:5      | Slain by an ogre

Illustrated notes

Levels and vault maps discovered:
D:1:      psy_arrival_dodecagon, layout_basic, minmay_stone_trees_small,
          minmay_misc_feat_alley
D:2:      layout_loops_cross, kennysheep_slug_shrine
D:3:      layout_basic, general_overflow_altar
D:4:      layout_cave_pods, overflow_temple_1_default, lemuel_doored_altar,
          st_stairs_1
D:5:      layout_basic, old_standard_altar, kennysheep_okawaru_gauntlet,
          serial_shops, kennysheep_mini, minmay_manual_mandibuliform, uniq_pikel

Skill      XL: |  1  2  3  4  5  6  7 |
---------------+----------------------+-----
Invocations    | 1 2 3 |  3.4
Evocations     | 1 2 3 |  3.3
Slings         | 1 2 3 |  3.1
Short Blades   | 3 4 |  4.6
Fighting       | 3 |  3.4
Shields        | 4 |  4.2
Armour         | 4 |  4.1

Action                   |  1- 3 |  4- 6 |  7- 9 || total
-------------------------+-------+-------+-------++-------
Melee: Rapier            |   125 |   197 |   123 ||   445
Throw: Stone             |       |     2 |       ||     2
  Use: Scroll            |       |     5 |     2 ||     7
       Potion            |       |     3 |     2 ||     5
Armor: Scale mail        |    68 |       |       ||    68
       Chain mail        |       |    90 |    83 ||   173
Dodge: Dodged            |    44 |    44 |    50 ||   138
Block: Kite shield       |    87 |    87 |       ||   174
       Buckler           |       |     2 |    33 ||    35
